 Dungeon Crawl Stone Soup version 0.31.0-9-g3a7656b989 (console) character file.

Game seed: 15350812246761549694

42691 AlterAsc the Severer (level 14, -1/95 (105) HPs)
             Began as a Formicid Fighter on Jan 28, 2024.
             Was the Champion of Okawaru.
             Incinerated by a smoke demon (14 damage)
             ... with a pyre arrow
             ... on level 2 of the Orcish Mines.
             The game lasted 00:35:19 (14493 turns).

AlterAsc the Severer (Formicid Fighter)            Turns: 14493, Time: 00:35:20

HP:   -1/95 (105)   AC: 33    Str: 26    XL:     14   Next: 56%
MP:   16/16         EV:  5    Int: 10    God:    Okawaru [******]
Gold: 1151          SH:  6    Dex: 13    Spells: 13/13 levels left

rFire   . . .        O - +6 war axe "Ikuamymme" {elec, Int+2}
rCold   x . .        c - +0 buckler
rNeg    . . .        t - +12 crystal plate armour of the Morning {^Drain rC- Will+++}
rPois   .            (helmet unavailable)
rElec   .            g - +0 cloak
rCorr   .            x - +0 pair of gloves
SInv    +            (no boots)
Will    ++++.        S - amulet of regeneration Stlth
                     p - +4 ring of slaying
HPRegen 1.15/turn    N - +4 ring of slaying
MPRegen 0.15/turn

%: no passive effects
@: on fire, glowing, drained
A: permanent stasis, dig shafts and tunnels, antennae 3, four strong arms
a: Dig, Shaft Self, Renounce Religion, Heroism, Finesse, Duel


You were on level 2 of the Orcish Mines.
You worshipped Okawaru.
Okawaru was exalted by your worship.
You visited 4 branches of the dungeon, and saw 18 of its levels.
You also visited: Sewer and Bailey.

You collected 1397 gold pieces.
You spent 246 gold pieces at shops.

Inventory:

Hand Weapons
 a - the +4 war axe of Equivalence {flame, *Corrode rC+ Will+}
   (You found it on level 2 of the Lair of Beasts)

   rC+:       It protects you from cold.
   Will+:     It increases your willpower.
   *Corrode:  It may corrode you when you take damage.
 b - a +6 spectral executioner's axe
 v - a +2 spear of flaming
 C - a +4 scythe of flaming
 O - the +6 war axe "Ikuamymme" (weapon) {elec, Int+2}
   (You bought it in a shop on level 8 of the Dungeon)

   Int+2:     It affects your intelligence (+2).
Missiles
 A - a silver javelin
 K - a throwing net
Armour
 c - a +0 buckler (worn)
 g - a +0 cloak (worn)
 t - the +12 crystal plate armour of the Morning (worn) {^Drain rC- Will+++}
   (Okawaru gifted it to you on level 2 of the Lair of Beasts)

   rC-:       It makes you vulnerable to cold.
   Will+++:   It greatly increases your willpower.
   ^Drain:    It drains your maximum health when unequipped.
 x - a +0 pair of gloves (worn)
 J - a +2 chain mail of cold resistance
 Q - the +4 fire dragon scales of the Mashing Gods {rElec rF++ rC- Str+6 Int+4}
   (You found it in a bailey)

   Str+6:     It affects your strength (+6).
   Int+4:     It affects your intelligence (+4).
   rF++:      It greatly protects you from fire.
   rC-:       It makes you vulnerable to cold.
   rElec:     It insulates you from electricity.
Jewellery
 m - a ring of positive energy
 p - a +4 ring of slaying (left hand)
 N - a +4 ring of slaying (right hand)
 S - an amulet of regeneration (around neck)
 T - a +5 ring of evasion
 U - a ring of protection from fire
Wands
 y - a wand of digging (6)
 F - a wand of quicksilver (11)
 G - a wand of flame (24) (quivered)
 H - a wand of polymorph (14)
 L - a wand of mindburst (13)
 X - a wand of roots (12)
 Y - a wand of paralysis (7)
Scrolls
 f - 3 scrolls of fear {unknown}
 i - a scroll of silence {unknown}
 j - 3 scrolls of immolation
 l - 4 scrolls of blinking
 o - 5 scrolls of enchant armour
 q - 2 scrolls of vulnerability {unknown}
 s - 4 scrolls of noise
 w - 3 scrolls of identify
 z - 4 scrolls of amnesia
 E - 9 scrolls of teleportation
 M - 3 scrolls of fog {unknown}
 V - 2 scrolls of poison {unknown}
 W - a scroll of acquirement {unknown}
Potions
 d - a potion of might
 h - 2 potions of resistance {unknown}
 k - 3 potions of lignification
 n - a potion of cancellation {unknown}
 r - 2 potions of brilliance {unknown}
 u - 2 potions of enlightenment {unknown}
 B - a potion of ambrosia {unknown}
 D - 4 potions of curing {unknown}
 I - 3 potions of degeneration {unknown}
 P - 6 potions of attraction {unknown}
 R - 3 potions of mutation {unknown}
 Z - a potion of magic {unknown}


   Skills:
 - Level 8.0 Fighting
 + Level 20.9 Axes
 - Level 8.0 Armour
 - Level 9.0 Shields
 - Level 3.0 Invocations


You had 13 spell levels left.
You didn't know any spells.
Your spell library contained the following spells:

 Spells                   Type           Power      Damage    Failure   Level
 Foxfire                  Conj/Fire      0%         2x1d4     100%        1
 Freeze                   Ice            0%         1d3       100%        1
 Dazzling Flash           Conj/Hex       0%         N/A       100%        3
 Frozen Ramparts          Ice            0%         1d1       100%        3
 Hailstorm                Conj/Ice       0%         3d5       100%        3
 Volatile Blastmotes      Fire/Tloc      0%         2d10      100%        3
 Cause Fear               Hex            0%         N/A       100%        4
 Fulminant Prism          Conj/Alch      0%         3d5       100%        4
 Iskenderun's Mystic Bla  Conj/Tloc      0%         2d3       100%        4
 Fireball                 Conj/Fire      0%         3d3       100%        5
 Plasma Beam              Fire/Air       0%         2x1d10    100%        6
 Starburst                Conj/Fire      0%         6d3       100%        6
 Summon Ice Beast         Ice/Summ       Unusable   N/A       N/A         3
 Summon Mana Viper        Hex/Summ       Unusable   N/A       N/A         5
 Sculpt Simulacrum        Ice/Alch       Unusable   N/A       N/A         6
 Monstrous Menagerie      Summ           Unusable   N/A       N/A         7
 Dragon's Call            Summ           Unusable   N/A       N/A         9

Dungeon Overview and Level Annotations

Branches:
Dungeon (10/15)            Temple (1/1) D:5            Lair (5/5) D:9
 Shoals (0/4) Lair:3        Snake (0/4) Lair:3        Slime (0/5) Lair:4
    Orc (2/2) D:9           Sewer (visited)          Bailey (visited)
    Elf: Orc:2

Altars:
Ashenzari
Cheibriados
Dithmenos
Elyvilon
Fedhas
Gozag
Hepliaklqana
Kikubaaqudgha
Makhleb
Nemelex Xobeh
Okawaru
Qazlal
Ru
Sif Muna
Trog
Uskayaw
Vehumet
Wu Jian
Xom
Yredelemnul
Zin
The Shining One
Jiyva

Shops:
D:8 (   Orc:1 [

Annotations:
D:7 3 runed translucent doors, Anonkat's ghost, novice DrCK
D:10 exclusions: ice statue and obsidian statue


Innate Abilities, Weirdness & Mutations

You cannot be hasted, slowed, berserked, paralysed or teleported.
You can dig through walls and to a lower floor.
You have a pair of large antennae on your head. (SInv)
Your four strong arms can wield two-handed weapons with a shield.


Message History

* * * LOW HITPOINT WARNING * * *
You see here 3 curare-tipped darts.
You feel much better.
The orc sorcerer gestures at you while chanting.
The bolt of negative energy hits the orc wizard!!
The orc wizard is drained!
The orc wizard dies!
The bolt of negative energy misses the smoke demon.
The bolt of negative energy hits you!!!
You feel drained.
* * * LOW HITPOINT WARNING * * *
The smoke demon hits you but does no damage. x2
The smoke demon barely misses you.
Okay, then.
You fail to use your ability.
The smoke demon gestures at you. The pyre arrow hits you.
You are covered in intense liquid fire!
The orc wizard hits you but does no damage.
You feel much better. The liquid fire burns you!
You block the smoke demon's attack.
The smoke demon hits you but does no damage. x2
The orc knight roars a battlecry!
The orc wizard hits you but does no damage.
You shake off some of the fire as you move.
The liquid fire burns you!
The orc wizard no longer looks unusually strong.
The orc knight roars a battlecry!
The orc wizard casts a spell at you. The puff of flame hits you!
* * * LOW HITPOINT WARNING * * *
You shake off some of the fire as you move.
The liquid fire burns you!
* * * LOW HITPOINT WARNING * * *
You feel like a meek peon again.
The orc high priest prays to Beogh.
The orc knight roars a battlecry!
The orc wizard attacks as it pursues you!
The orc wizard hits you but does no damage.
There is a stone staircase leading up here.
The liquid fire burns you!
You die...

.# #.. .... {
....# ###
...#.##.#
.......@##
......o3.# {
##.......# ,, .
#.#.#.oO#####....
... ###OO{8{{.o..
.. {#oo{{{{.... .
..ooo{{......
...$.oO.{......
.........8.o....
.##...$#####....
#..$#.. ,....


You could see an orc knight (strong), an orc high priest (strong), 2 two-headed
ogres, a smoke demon (summoned), an orc sorcerer (strong), 2 orc warriors, 2
ogres, an orc priest (strong) and 2 orc wizards.

Vanquished Creatures
  Josephine (Lair:3)
  An ice dragon (Lair:5)
  3 hydras
  A catoblepas (Lair:5)
  A boulder beetle (Lair:2)
  2 two-headed ogres
  4 death yaks (Lair:5)
  Nergalle (Lair:1)
  A harpy (Lair:3)
  A lindwurm (Lair:5)
  A salamander (Lair:3)
  5 elephants
  5 black mambas
  5 torpor snails (Lair:5)
  12 cane toads
  A gargoyle (Bailey)
  2 rime drakes
  Maggie (Lair:2)
  6 komodo dragons
  2 trolls
  6 hornets (Lair:5)
  19 blink frogs
  2 polar bears
  4 tyrant leeches (Lair:5)
  A dream sheep (Lair:3)
  A vampire (Bailey)
  5 wyverns
  A spriggan (Lair:3)
  Sigmund (D:4)
  33 yaks
  2 basilisks
  4 wraiths (Lair:3)
  3 nagas (Lair:3)
  18 water moccasins
  7 orc warriors
  2 black bears
  2 ice beasts
  2 sky beasts
  An ogre (D:4)
  18 wolves
  4 centaurs
  3 phantoms
  2 kobold brigands
  Blork the orc (D:5)
  15 bullfrogs
  3 scorpions
  4 wights (D:10)
  5 howler monkeys
  7 vampire bats (Bailey)
  6 wolf zombies (Bailey)
  A bombardier beetle (D:7)
  4 hounds
  5 orc priests
  3 jellies
  A sleepcap (D:7)
  5 iguanas (D:9)
  7 orc wizards
  5 hell rats (Lair:2)
  Robin (D:4)
  8 gnolls
  18 adders
  4 ufetubi (D:5)
  3 ribbon worms
  7 dart slugs
  35 orcs
  4 endoplasms
  18 giant cockroaches
  10 goblins
  5 hobgoblins
  2 jackals (D:4)
  2 quokkas
  4 ball pythons
  10 bats
  14 frilled lizards
  19 kobolds
  21 orc zombies (Bailey)
  3 rats (D:1)
457 creatures vanquished.

Vanquished Creatures (others)
  An orc wizard (Orc:2)
1 creature vanquished.

Grand Total: 458 creatures vanquished

Notes
Turn   | Place    | Note
-------+----------+-------------------------------------------
     0 | D:1      | AlterAsc the Formicid Fighter began the quest for the Orb.
     0 | D:1      | Reached XP level 1. HP: 18/18 MP: 1/1
   282 | D:1      | Reached XP level 2. HP: 22/24 MP: 2/2
   366 | D:1      | Found a faded altar of an unknown god.
   451 | D:1      | Reached skill level 3 in Axes
   452 | D:1      | Reached XP level 3. HP: 15/29 MP: 3/3
   454 | D:1      | Got the Catalogue of Attacks
  1391 | D:2      | Reached skill level 4 in Axes
  1391 | D:2      | Reached XP level 4. HP: 35/35 MP: 4/4
  2060 | D:3      | Reached XP level 5. HP: 21/41 MP: 5/5
  2233 | D:3      | Reached skill level 5 in Axes
  2817 | D:4      | Noticed Robin
  2826 | D:4      | Killed Robin
  2827 | D:4      | Reached XP level 6. HP: 42/47 MP: 6/6
  2853 | D:4      | Found a sacrificial altar of Ru.
  2924 | D:4      | Reached skill level 6 in Axes
  3022 | D:4      | Reached XP level 7. HP: 49/52 MP: 7/7
  3169 | D:4      | Reached skill level 7 in Axes
  3194 | D:4      | Noticed Sigmund
  3201 | D:4      | Killed Sigmund
  3202 | D:4      | Reached skill level 8 in Axes
  3333 | D:4      | Found a sparkling altar of Nemelex Xobeh.
  3587 | D:5      | Entered Level 5 of the Dungeon
  3685 | D:5      | Reached XP level 8. HP: 58/58 MP: 8/8
  3739 | D:5      | Found a white marble altar of Elyvilon.
  3960 | D:5      | Reached skill level 9 in Axes
  4023 | D:5      | Noticed Blork the orc
  4031 | D:5      | Killed Blork the orc
  4087 | D:5      | Found a staircase to the Ecumenical Temple.
  4100 | Temple   | Entered the Ecumenical Temple
  4116 | Temple   | Became a worshipper of Warmaster Okawaru
  4309 | D:6      | Found a glowing drain.
  4314 | Sewer    | Entered a sewer
  4501 | Sewer    | Reached skill level 10 in Axes
  4954 | D:6      | Reached skill level 1 in Invocations
  4975 | D:6      | Reached * piety under Okawaru
  4976 | D:6      | Reached XP level 9. HP: 55/64 MP: 10/10
  5070 | D:6      | Reached skill level 11 in Axes
  5405 | D:7      | Reached ** piety under Okawaru
  5597 | D:7      | Reached skill level 12 in Axes
  5799 | D:7      | Noticed Anonkat's ghost (novice DrCK)
  5802 | D:7      | Noticed a centaur warrior
  5860 | D:7      | Noticed a boulder beetle
  5866 | D:7      | Found a runed translucent gate.
  5866 | D:7      | Found a runed translucent gate.
  5868 | D:7      | Found a runed translucent gate.
  5996 | D:7      | Identified the +2 flail "Giantslayer" {flame, ^Contam rCorr
                  | Int+5}
  6221 | D:8      | Found Kicair's Antique Weapon Boutique.
  6231 | D:8      | Bought a polished war axe for 246 gold pieces
  6231 | D:8      | Identified the +6 war axe "Ikuamymme" {elec, Int+2} (You
                  | bought it in a shop on level 8 of the Dungeon)
  6556 | D:9      | Reached *** piety under Okawaru
  6559 | D:9      | Reached XP level 10. HP: 70/70 MP: 12/12
  6571 | D:9      | Noticed a two-headed ogre
  6583 | D:9      | Reached skill level 13 in Axes
  6583 | D:9      | HP: 2/70 [two-headed ogre/+0 giant spiked club (18)]
  6586 | D:9      | Killed a two-headed ogre
  6590 | D:9      | Reached skill level 14 in Axes
  6591 | D:9      | Reached **** piety under Okawaru
  6691 | D:9      | Found a flagged portal.
  6700 | Bailey   | Entered a bailey
  6806 | Bailey   | Noticed a gargoyle
  6813 | Bailey   | Killed a gargoyle
  6905 | Bailey   | Identified the +4 fire dragon scales of the Mashing Gods
                  | {rElec rF++ rC- Str+6 Int+4}
  7032 | Bailey   | Reached skill level 15 in Axes
  7307 | D:9      | Found an ornate altar of the Wu Jian Council.
  7368 | D:9      | Noticed a komodo dragon
  7384 | D:9      | Killed a komodo dragon
  7385 | D:9      | Reached XP level 11. HP: 60/75 MP: 13/13
  7561 | D:9      | Found a staircase to the Orcish Mines.
  7613 | D:9      | Reached ***** piety under Okawaru
  7788 | D:9      | Reached skill level 16 in Axes
  7863 | D:9      | Found a staircase to the Lair.
  8511 | D:10     | Entered Level 10 of the Dungeon
  8737 | D:10     | Noticed an obsidian statue
  8807 | D:10     | Noticed a two-headed ogre
  8821 | D:10     | Killed a two-headed ogre
  8822 | D:10     | Reached skill level 5 in Shields
  8944 | D:10     | Received a gift from Okawaru
  9264 | D:10     | Found a blossoming altar of Fedhas.
  9744 | Lair:1   | Entered Level 1 of the Lair of Beasts
  9782 | Lair:1   | Reached skill level 5 in Fighting
  9800 | Lair:1   | Reached skill level 5 in Armour
  9946 | Lair:1   | Noticed an elephant
  9946 | Lair:1   | Noticed an elephant
  9947 | Lair:1   | Noticed an elephant
  9947 | Lair:1   | Noticed an elephant
  9952 | Lair:1   | Reached XP level 12. HP: 80/86 MP: 11/14
  9959 | Lair:1   | Received a gift from Okawaru
 10041 | Lair:1   | Noticed Nergalle
 10048 | Lair:1   | Killed Nergalle
 10542 | Lair:2   | Noticed a boulder beetle
 10559 | Lair:2   | Killed a boulder beetle
 10606 | Lair:2   | Identified the +4 war axe of Equivalence {flame, *Corrode
                  | rC+ Will+}
 10644 | Lair:2   | Noticed a four-headed hydra
 10648 | Lair:2   | Killed a one-headed hydra
 10715 | Lair:2   | Reached ****** piety under Okawaru
 10716 | Lair:2   | Acquired a +1 heavy executioner's axe
 10716 | Lair:2   | Received a gift from Okawaru
 10720 | Lair:2   | Acquired the +12 crystal plate armour of the Morning
                  | {^Drain rC- Will+++}
 10720 | Lair:2   | Received a gift from Okawaru
 10759 | Lair:2   | Received a gift from Okawaru
 10991 | Lair:2   | Noticed Maggie
 10997 | Lair:2   | Killed Maggie
 10998 | Lair:2   | Reached skill level 17 in Axes
 11030 | Lair:2   | Reached XP level 13. HP: 98/98 MP: 15/15
 11287 | Lair:3   | Received a gift from Okawaru
 11360 | Lair:3   | Found a staircase to the Snake Pit.
 11530 | Lair:3   | Found a staircase to the Shoals.
 11665 | Lair:3   | Noticed Josephine
 11674 | Lair:3   | Killed Josephine
 11675 | Lair:3   | Reached skill level 18 in Axes
 11885 | Lair:3   | Noticed a seven-headed hydra
 11891 | Lair:3   | Killed a four-headed hydra
 11891 | Lair:3   | Received a gift from Okawaru
 12564 | Lair:4   | Found a viscous altar of Jiyva.
 12564 | Lair:4   | Found a staircase to the Slime Pits.
 12627 | Lair:4   | Reached skill level 19 in Axes
 12733 | Lair:4   | Received a gift from Okawaru
 13087 | Lair:5   | Entered Level 5 of the Lair of Beasts
 13109 | Lair:5   | Reached XP level 14. HP: 93/105 MP: 16/16
 13265 | Lair:5   | Found an opulent altar of Gozag.
 13286 | Lair:5   | Reached skill level 20 in Axes
 13354 | Lair:5   | Received a gift from Okawaru
 14368 | Orc:1    | Entered Level 1 of the Orcish Mines
 14448 | Orc:1    | Found Pifookh's Armour Emporium.
 14474 | Orc:2    | Entered Level 2 of the Orcish Mines
 14479 | Orc:2    | Received a gift from Okawaru
 14493 | Orc:2    | Incinerated by a smoke demon

Illustrated notes

Levels and vault maps discovered:
D:1:      wander_arrival_chamber, layout_basic, basic_ecumenical_altar
D:2:      layout_loops_ring
D:3:      layout_loops_corners, dk_noncrumbling_4, nrook_loot_triangle
D:4:      layout_loops_ring, nemelex_xobeh_ov_fountains_minmay,
          nicolae_overflow_crystal_walls, uniq_sigmund, uniq_robin
D:5:      layout_rooms, elyvilon_altar_3, temple_hall, nicolae_half_adder,
          uniq_blork_the_orc
D:6:      layout_gridville, portal_sewer_entry_e
D:7:      layout_cave_pools, gammafunk_ghost_split, minivault_23
D:8:      layout_rooms, serial_shops, shop, nrook_mini_vaults
D:9:      layout_stronghold, nicolae_wu_jian_glorious_leap,
          minmay_lair_entry_grove, david_orc_4, enter_bailey_6,
          grunt_decor_fettered, minmay_lizard_king
D:10:     minmay_separated_statues, layout_irregular_city,
          mainiacjoe_overflow_small_starburst, serial_co_window_serial,
          co_window_paths_a, co_window_corner_a, co_window_paths_b,
          co_window_cross_1, co_window_paths_a, co_window_corner_a,
          co_window_corner_a, co_window_paths_b, co_window_paths_a,
          co_window_unsneaky_path_b, co_window_of_opportunity_c,
          co_window_broadway_b, co_window_paths_d, co_window_4corner_b
Temple:   nicolae_temple_bog_church
Lair:1:   layout_loops_ring, grunt_megastairs_1, uniq_nergalle
Lair:2:   layout_regular_city, chequers_serial_rivers_marsh, uniq_maggie
Lair:3:   layout_cellular_growth, mainiacjoe_shoals_entry_four_pools,
          alex1729_snake_entry_snake, grunt_forest_large_clearing_hut,
          uniq_josephine
Lair:4:   layout_loops_ring, dpeg_slime_entry_enclosed,
          infiniplex_staircase_pool_2
Lair:5:   wormcave, layout_cellular_growth, basic_altar
Orc:1:    layout_caves, serial_shops, shop, minmay_shop_enchanted_jewellery
Orc:2:    grunt_orc_cross, layout_caves, serial_shops,
          nicolae_shop_tiny_waterfront, uniq_rupert

Skill      XL: |  1  2  3  4  5  6  7  8  9 10 11 12 13 14 |
---------------+-------------------------------------------+-----
Axes           | 3 4 5 6 8 10 12 15 16 17 19 20 | 20.9
Invocations    | 2 3 |  3.0
Fighting       | 5 7 8 |  8.0
Armour         | 5 7 8 |  8.0
Shields        | 6 9 |  9.0

Action                     |  1- 3 |  4- 6 |  7- 9 | 10-12 | 13-15 || total
---------------------------+-------+-------+-------+-------+-------++-------
  Melee: War axe           |    74 |   115 |   283 |   367 |   316 ||  1155
 Invoke: Heroism           |       |       |       |     5 |     2 ||     7
         Receive Weapon    |       |       |       |     1 |       ||     1
         Receive Armour    |       |       |       |     1 |       ||     1
Ability: Dig               |       |     2 |     1 |     5 |       ||     8
  Evoke: Wand              |       |       |       |     6 |       ||     6
    Use: Potion            |       |       |       |     4 |     4 ||     8
         Scroll            |       |       |       |    16 |       ||    16
   Stab: Petrified         |       |       |       |       |     3 ||     3
 Armour: Scale mail        |    55 |    10 |       |       |       ||    65
         Chain mail        |       |    74 |   225 |   178 |       ||   477
         Crystal plate arm |       |       |       |    25 |   297 ||   322
  Dodge: Dodged            |    42 |    49 |   103 |    83 |    46 ||   323
  Block: Buckler           |    12 |    25 |    61 |    66 |    68 ||   232
